 Dungeon Sprint DCSS version 0.20-a0-1101-g1de9d76 (webtiles) character file.

670 potatolord5000 the Blocker (level 7, -26/64 HPs)
             Began as a Formicid Fighter on May 4, 2017.
             Annihilated by a tyrant leech (27 damage)
             ... in the Dungeon (Sprint II: "The Violet Keep of Menkaure").
             The game lasted 00:00:55 (55 turns).

potatolord5000 the Blocker (Formicid Fighter)         Turns: 55, Time: 00:00:56

Health: -26/64     AC:  8    Str: 23    XL:     7   Next: 89%
Magic:  7/7        EV: 10    Int:  7    God:
Gold:   243        SH: 12    Dex: 10    Spells: 6/6 levels left

rFire    . . .     SeeInvis +   a - +0 war axe
rCold    . . .     Gourm    .   c - +0 shield
rNeg     . . .     Faith    .   b - +0 scale mail
rPois    .         Spirit   .   (helmet unavailable)
rElec    .         Reflect  .   (no cloak)
rCorr    .         Harm     .   (no gloves)
MR       .....                  (no boots)
Stlth    ..........             (no amulet)
Regen    0.0/turn               (no ring)
MPRegen  0.1/turn               (no ring)

@: non-regenerating, diseased
A: permanent stasis, dig shafts and tunnels, four strong arms, antennae 3
a: Dig


You were in the Dungeon.
You were not hungry.

You visited 1 branch You collected 243 gold pieces.

Inventory:

Hand Weapons
 a - a +0 war axe (weapon)
Armour
 b - a +0 scale mail (worn)
 c - a +0 shield (worn)
Scrolls
 k - a scroll of blinking
Potions
 e - a potion of curing
 h - a potion of haste
 i - 2 potions of magic
 j - a potion of berserk rage
Comestibles
 f - a bread ration


   Skills:
 + Level 9.4 Fighting
 + Level 8.3 Axes
 + Level 9.4 Armour
 + Level 10.2 Shields


You had 6 spell levels left.
You didn't know any spells.

Dungeon Overview and Level Annotations

Branches:
Dungeon (1/1)

Altars:


Innate Abilities, Weirdness & Mutations

You cannot be hasted, slowed, berserked, paralysed or teleported.
You can dig through walls and to a lower floor.
Your four strong arms can wield two-handed weapons with a shield.
You have a pair of large antennae on your head. (SInv)


Message History

The tyrant leech bites you!!
* * * LOW HITPOINT WARNING * * *
The tyrant leech draws strength from your injuries!
You hit the tyrant leech.
The tyrant leech is lightly wounded.
The tyrant leech closely misses you.
You barely miss the tyrant leech. You barely miss the tyrant leech.
The tyrant leech bites you!
* * * LOW HITPOINT WARNING * * *
The tyrant leech draws strength from your injuries!
You hit the tyrant leech.
The tyrant leech is lightly wounded.
The tyrant leech closely misses you.
You hit the tyrant leech.
The tyrant leech is lightly wounded.
You block the tyrant leech's attack.
You hit the tyrant leech but do no damage.
The tyrant leech is lightly wounded.
The tyrant leech bites you!!
You die...

{ {## ## {
##. .## {
..#.. # .$.
## ##.
#†###.##
#$..##.##...#
#w@<.'.#.+
#..w##.##.).#
##. #+###.##
# { ## {{ { {


You could see 2 tyrant leeches.

Vanquished Creatures
  A merfolk siren (D)
  4 necrophages (D)
5 creatures vanquished.

Vanquished Creatures (others)
  A crocodile (D)
1 creature vanquished.

Grand Total: 6 creatures vanquished

Notes
Turn   | Place    | Note
-------+----------+-------------------------------------------
     0 | D        | potatolord5000 the Formicid Fighter began the quest for the Orb.
     0 | D        | Reached XP level 1. HP: 18/18 MP: 1/1
     3 | D        | Noticed a necrophage
     3 | D        | Noticed a necrophage
     3 | D        | Noticed a necrophage
     3 | D        | Noticed a necrophage
     7 | D        | Killed a necrophage
     7 | D        | Reached skill level 5 in Fighting
     7 | D        | Reached skill level 5 in Armour
     7 | D        | Reached skill level 6 in Shields
     7 | D        | Reached XP level 2. HP: 27/27 MP: 2/2
     7 | D        | Reached XP level 3. HP: 33/33 MP: 3/3
     7 | D        | Reached XP level 4. HP: 39/39 MP: 4/4
    15 | D        | Killed a crocodile
    18 | D        | Killed a necrophage
    18 | D        | Reached skill level 5 in Axes
    18 | D        | Reached skill level 7 in Shields
    18 | D        | Reached XP level 5. HP: 35/46 MP: 5/5
    21 | D        | Killed a necrophage
    21 | D        | Reached skill level 8 in Shields
    21 | D        | Reached XP level 6. HP: 36/54 MP: 6/6
    25 | D        | Killed a necrophage
    27 | D        | Noticed a merfolk siren
    36 | D        | Killed a merfolk siren
    36 | D        | Reached skill level 10 in Shields
    36 | D        | Reached XP level 7. HP: 38/62 MP: 7/7
    44 | D        | Noticed a tyrant leech
    44 | D        | Noticed a tyrant leech
    52 | D        | HP: 1/64 [tyrant leech (9)]
    55 | D        | Annihilated by a tyrant leech

Vault maps used:
D:        the_violet_keep_of_menkaure

Skill      XL: |  1  2  3  4  5  6 |
---------------+-------------------+-----
Fighting       | 5 6 7 9 |  9.4
Axes           | 4 5 6 8 |  8.3
Armour         | 5 6 7 9 |  9.4
Shields        | 6 7 8 10 | 10.2

Action                   |  1- 3 |  4- 6 |  7- 9 || total
-------------------------+-------+-------+-------++-------
Melee: War axe           |     3 |    25 |    10 ||    38
  Use: Potion            |     1 |       |     1 ||     2
Armor: Scale mail        |       |     5 |       ||     5
Dodge: Dodged            |       |     4 |     4 ||     8
Block: Shield            |     3 |     6 |     1 ||    10
